Map: Proxima Station LE

Players

OKai - Winner!

  • Race: Protoss Protoss
  • League: Master
  • Spawn Location: 1:00

Musumeci

  • Race: Zerg Zerg
  • League: Diamond
  • Spawn Location: 7:00

VOD

Have the link to the VOD?

Description

Time

  • Played on: March 31, 2017, 6:03 p.m.
  • Length: 35:03
Show
View Real Time Build Order
Export as new Build Order

OKai Protoss - Winner!

Build Orders: Nexus First, Oracle Opening 

Get SALT Encoding   

  12  0:01  Probe (Chrono Boost)  
  13  0:11  Probe (Chrono Boost)  
  14  0:19  Pylon  
  14  0:22  Probe (Chrono Boost)  
  15  0:37  Probe (Chrono Boost)  
  16  0:48  Probe (Chrono Boost)  
  17  0:58  Probe (Chrono Boost)  
  17  1:04  Nexus  
  18  1:09  Probe (Chrono Boost)  
  19  1:18  Gateway  
  19  1:21  Probe (Chrono Boost)  
  20  1:25  Assimilator  
  20  1:32  Assimilator  
  21  1:33  Probe (Chrono Boost)  
  21  1:46  Probe (Chrono Boost)  
  22  1:47  Pylon  
  22  1:56  Probe (Chrono Boost)  
  23  2:07  Probe (Chrono Boost)  
  24  2:10  Cybernetics Core  
  24  2:17  Probe (Chrono Boost)  
  25  2:25  Pylon  
  25  2:27  Probe (Chrono Boost)  
  26  2:32  Probe (Chrono Boost)  
  27  2:37  Probe (Chrono Boost)  
  27  2:40  Pylon  
  27  2:43  Stalker  
  28  2:49  Probe (Chrono Boost)  
  33  2:52  Mothership Core (Chrono Boost)  
  33  2:57  Stargate  
  33  3:00  Probe (Chrono Boost)  
  34  3:10  Probe (Chrono Boost)  
  34  3:11  Probe (Chrono Boost)  
  36  3:22  Probe (Chrono Boost)  
  36  3:24  Probe (Chrono Boost)  
  38  3:32  Probe (Chrono Boost)  
  38  3:33  Assimilator  
  39  3:35  Oracle, Assimilator  
  39  3:36  Probe (Chrono Boost)  
  43  3:43  Probe (Chrono Boost)  
  44  3:50  Probe (Chrono Boost)  
  44  3:54  Fleet Beacon  
  45  3:56  Probe (Chrono Boost)  
  47  4:03  Probe (Chrono Boost)  
  47  4:06  Void Ray, Probe (Chrono Boost)  
  47  4:08  Forge  
  48  4:11  Pylon  
  48  4:15  Probe (Chrono Boost)  
  54  4:17  Probe (Chrono Boost)  
  54  4:29  Probe (Chrono Boost)  
  54  4:31  Probe (Chrono Boost)  
  56  4:42  Pylon  
  53  5:03  Void Ray  
  57  5:17  Probe (Chrono Boost)  
  57  5:19  Probe (Chrono Boost)  
  59  5:27  Protoss Air Weapons Level 1  
  59  5:36  Stargate  
  59  5:38  Pylon  
  59  5:44  Carrier  
  65  6:04  Photon Cannon  
  65  6:08  Photon Cannon x2  
  65  6:09  Pylon  
  65  6:11  Photon Cannon  
  65  6:14  Photon Cannon  
  65  6:15  Carrier  
  65  6:16  Photon Cannon  
  65  6:19  Graviton Catapult, Photon Cannon  
  69  6:36  Probe x2 (Chrono Boost)  
  71  6:58  Carrier  
  71  7:14  Stargate  
  77  7:17  Nexus  
  77  7:19  Pylon  
  77  7:22  Pylon  
  83  7:24  Assimilator  
  83  7:30  Assimilator  
  83  7:32  Probe x2 (Chrono Boost)  
  83  7:33  Pylon  
  83  7:35  Protoss Air Weapons Level 2  
  85  7:37  Pylon  
  85  7:40  Photon Cannon  
  85  7:43  Photon Cannon  
  85  7:45  Photon Cannon  
  85  7:46  Carrier  
  85  7:47  Photon Cannon  
  85  7:49  Probe (Chrono Boost)  
  92  8:10  Carrier  
  99  8:13  Probe (Chrono Boost)  
  99  8:21  Carrier  
  101  8:27  Probe x2 (Chrono Boost)  
  107  8:37  Probe (Chrono Boost)  
  107  8:39  Probe (Chrono Boost)  
  107  8:40  Probe (Chrono Boost)  
  110  8:47  Probe (Chrono Boost)  
  111  8:51  Probe (Chrono Boost)  
  111  8:52  Probe (Chrono Boost)  
  113  8:58  Probe (Chrono Boost)  
  113  9:01  Carrier  
  114  9:11  Probe (Chrono Boost)  
  114  9:13  Probe x2 (Chrono Boost)  
  123  9:19  Photon Cannon  
  123  9:21  Photon Cannon  
  123  9:22  Probe (Chrono Boost)  
  125  9:25  Probe (Chrono Boost)  
  116  9:47  Carrier  
  104  9:58  Carrier  
  96  10:20  Stargate  
  96  10:21  Carrier, Stargate  
  96  10:24  Pylon  
  96  10:25  Pylon  
  98  10:31  Mothership Core (Chrono Boost), Nexus  
  104  10:36  Assimilator  
  104  10:40  Assimilator  
  104  10:44  Pylon  
  104  10:46  Pylon  
  104  10:48  Pylon  
  104  10:49  Pylon  
  103  11:06  Carrier  
  103  11:18  Carrier x2  
  121  11:27  Carrier  
  125  11:47  Nexus  
  125  11:51  Pylon  
  125  11:52  Carrier  
  108  12:37  Pylon  
  108  12:40  Cybernetics Core  
  108  12:46  Pylon  
  108  12:53  Carrier  
  106  12:59  Carrier  
  106  13:02  Carrier  
  106  13:04  Carrier  
  118  13:09  Nexus  
  118  13:12  Pylon  
  118  13:13  Pylon  
  118  13:16  Carrier  
  68  14:13  Carrier  
  69  14:25  Carrier  
  69  14:26  Mothership Core (Chrono Boost)  
  81  14:37  Carrier  
  86  15:10  Nexus  
  86  16:53  Assimilator  
  86  17:01  Carrier  
  84  17:12  Protoss Air Weapons Level 3  
  78  17:59  Nexus  
  78  18:12  Pylon  
  77  18:21  Carrier  
  56  20:08  Nexus  
  56  20:11  Nexus  
  56  20:22  Carrier  
  56  22:36  Assimilator  
  56  22:40  Assimilator  
  57  23:05  Probe (Chrono Boost)  
  57  23:16  Probe (Chrono Boost)  
  46  24:01  Carrier  
  48  24:02  Mothership Core (Chrono Boost)  
  54  24:21  Probe (Chrono Boost)  
  56  24:31  Probe (Chrono Boost)  
  56  24:42  Probe (Chrono Boost)  
  57  24:52  Probe (Chrono Boost)  
  58  25:03  Probe (Chrono Boost)  
  59  25:13  Probe (Chrono Boost)  
  60  25:18  Nexus  
  60  27:14  Pylon  
  60  27:17  Pylon  
  47  28:10  Pylon  
  47  28:13  Pylon  
  47  28:14  Pylon  
  47  28:17  Pylon  
  46  28:37  Pylon  
  46  28:39  Pylon  
  46  28:43  Pylon  
  46  28:57  Probe (Chrono Boost)  
  47  29:39  Gateway  
  47  29:41  Probe (Chrono Boost)  
  48  29:52  Probe (Chrono Boost)  
  49  29:55  Nexus  
  49  30:02  Probe (Chrono Boost)  
  47  30:40  Nexus  
  46  31:17  Nexus  
  45  32:12  Pylon  
  45  32:25  Pylon  
  44  33:19  Gateway, Pylon  
  44  33:29  Pylon  
  44  33:52  Probe (Chrono Boost)  
  45  34:02  Probe (Chrono Boost)  
  46  34:11  Cybernetics Core  
  46  34:13  Probe (Chrono Boost)  
  47  34:23  Probe (Chrono Boost)  
  48  34:34  Probe (Chrono Boost)  
  49  34:46  Pylon, Probe (Chrono Boost)  
Show
View Real Time Build Order
Export as new Build Order

Musumeci Zerg 

Build Orders: Hatch First 

Get SALT Encoding   

  12  0:01  Drone  
  13  0:13  Overlord  
  13  0:20  Drone  
  14  0:28  Drone, Extractor  
  14  0:31  Drone  
  16  0:36  Drone  
  17  0:55  Hatchery  
  16  1:00  Drone  
  16  1:01  Drone  
  18  1:04  Extractor  
  17  1:18  Spawning Pool  
  17  1:23  Drone  
  17  1:28  Drone  
  18  1:39  Drone  
  19  1:49  Overlord  
  19  2:00  Drone  
  20  2:05  Metabolic Boost  
  20  2:06  Queen  
  22  2:10  Queen  
  24  2:16  Zergling x2  
  24  2:22  Drone x3  
  28  2:29  Drone  
  29  2:32  Drone  
  30  2:39  Drone  
  31  2:45  Drone  
  32  2:54  Drone  
  32  2:55  Drone  
  34  3:00  Overlord  
  34  3:01  Hatchery  
  33  3:08  Drone  
  34  3:14  Queen  
  35  3:25  Drone x6  
  35  3:26  Evolution Chamber  
  40  3:28  Overlord  
  40  3:35  Zergling x4  
  40  3:38  Zergling x2  
  40  3:41  Overlord  
  43  4:07  Extractor, Roach Warren  
  41  4:11  Drone x7  
  48  4:19  Zergling x2  
  48  4:20  Zergling x2  
  50  4:24  Overlord  
  50  4:48  Spore Crawler  
  50  4:51  Lair  
  47  4:54  Spore Crawler  
  38  5:13  Drone  
  38  5:14  Drone x11  
  47  5:18  Extractor  
  47  5:19  Extractor  
  48  5:21  Drone  
  48  5:22  Drone x2  
  48  5:28  Spore Crawler  
  50  5:33  Zergling x10  
  55  5:45  Evolution Chamber  
  55  5:46  Evolution Chamber  
  51  6:00  Drone  
  51  6:01  Drone x6  
  51  6:02  Overlord x5  
  58  6:06  Zerg Missile Weapons Level 1  
  58  6:32  Extractor  
  56  6:38  Hydralisk Den, Drone  
  56  6:39  Drone  
  57  6:40  Drone x7  
  57  6:44  Drone x3, Extractor  
  57  6:46  Drone x4  
  70  6:50  Zerg Ground Armor Level 1  
  70  7:07  Drone x4, Spore Crawler  
  70  7:08  Drone x2  
  74  7:11  Muscular Augments, Hydralisk  
  74  7:12  Hydralisk x4  
  85  7:21  Hydralisk x6  
  96  7:31  Hydralisk  
  96  7:33  Overlord x5  
  96  7:34  Overlord  
  98  7:57  Hydralisk x3  
  98  7:58  Hydralisk x7  
  118  8:09  Hatchery  
  117  8:18  Overseer  
  117  8:19  Overseer  
  116  8:20  Overseer  
  116  8:21  Zerg Missile Weapons Level 2  
  116  8:25  Drone x5  
  116  8:26  Drone  
  116  8:27  Overlord x3  
  122  8:39  Hydralisk x4  
  122  8:40  Hydralisk x2  
  132  8:50  Hydralisk x4  
  135  9:18  Drone x6  
  141  9:27  Extractor  
  130  9:47  Hydralisk x10  
  130  9:48  Hydralisk x10  
  122  10:17  Overlord x3  
  122  10:18  Overseer x3  
  122  10:19  Pneumatized Carapace  
  122  10:25  Extractor  
  121  10:37  Hydralisk x3  
  121  10:38  Hydralisk x8  
  121  10:41  Zerg Ground Armor Level 2  
  143  10:47  Infestation Pit  
  142  11:11  Hydralisk x15  
  162  11:19  Zergling x2  
  162  11:23  Zergling x2  
  164  11:31  Spire  
  157  11:41  Hydralisk  
  157  11:42  Hydralisk x9  
  143  11:55  Hydralisk x4  
  143  11:56  Hydralisk x2  
  135  12:19  Hydralisk x10  
  139  12:33  Hydralisk x6  
  139  13:06  Hydralisk x6  
  139  13:09  Overlord x7  
  143  13:21  Overseer x3  
  113  13:37  Hydralisk x8  
  109  14:11  Hydralisk x12  
  127  14:42  Hatchery, Extractor  
  97  14:55  Hydralisk x3  
  97  14:56  Hydralisk x11  
  119  15:25  Spore Crawler  
  119  15:26  Hydralisk x6, Spore Crawler  
  119  15:27  Spore Crawler  
  128  15:28  Spore Crawler  
  125  15:52  Hydralisk x7  
  139  16:04  Hydralisk x3  
  139  16:08  Drone x3  
  139  16:09  Drone  
  149  16:23  Hive  
  147  16:40  Hydralisk x9  
  165  16:53  Spore Crawler x2  
  165  16:54  Spore Crawler  
  142  17:06  Hydralisk x9  
  113  17:42  Hydralisk x15  
  117  17:55  Spore Crawler  
  84  18:23  Spore Crawler x2  
  84  18:24  Spore Crawler x2  
  80  18:30  Hydralisk Den  
  80  18:32  Spore Crawler x2  
  80  18:33  Spore Crawler x3  
  74  18:34  Spore Crawler  
  73  19:08  Overlord x3  
  73  19:11  Overlord x3  
  67  19:47  Hydralisk  
  67  19:48  Hydralisk x10  
  67  19:50  Overlord  
  67  19:52  Overlord x2  
  79  19:53  Overlord x2  
  75  20:02  Extractor  
  73  20:15  Hydralisk x4  
  73  20:19  Hatchery  
  80  20:29  Hydralisk  
  80  20:30  Hydralisk x2  
  80  20:33  Hatchery  
  63  21:36  Hydralisk Den  
  62  21:48  Spawning Pool  
  47  22:09  Hydralisk  
  47  22:10  Hydralisk x5  
  47  22:13  Hydralisk x3  
  65  22:19  Hydralisk  
  65  22:20  Hydralisk x2  
  71  22:37  Spore Crawler  
  70  22:38  Hydralisk x7, Spore Crawler  
  63  23:03  Hydralisk  
  63  23:04  Hydralisk x4  
  73  23:41  Hydralisk x4  
  59  24:53  Spore Crawler  
  59  24:54  Spore Crawler  
  57  25:00  Hydralisk x4  
  63  26:06  Spore Crawler  
  63  26:07  Spore Crawler x2  
  63  26:09  Spore Crawler x2  
  56  26:17  Hydralisk x10  
  74  27:21  Spawning Pool  
  59  28:00  Hydralisk x7  
  27  31:08  Hatchery  
Tags
 
Add a new tag
Caveats
  • Supply blocks, unpowered buildings, or Contaminate may cause inaccurate times.
  • Supply counts are checked every 10 seconds.